 Dungeon Crawl Stone Soup version 0.23.2-1-ga50397a6bc (webtiles) character file.

Game seed: 437177362552867564

14077 Peloso the Carver (level 11, 0/99 HPs)
             Began as a Minotaur Fighter on Apr 14, 2019.
             Was a High Priest of Okawaru.
             Slain by a six-headed hydra (1 damage)
             ... on level 12 of the Dungeon.
             The game lasted 00:25:43 (12407 turns).

Peloso the Carver (Minotaur Fighter)               Turns: 12407, Time: 00:25:44

Health: 0/99       AC: 12    Str: 22    XL:     11   Next: 84%
Magic:  0/10       EV:  9    Int:  5    God:    Okawaru [*****.]
Gold:   553        SH: 13    Dex: 12    Spells: 10/10 levels left

rFire    . . .     SeeInvis .   a - +3 scimitar (flame)
rCold    + . .     Gourm    .   c - +0 shield
rNeg     . . .     Faith    .   k - +1 chain mail {rPois}
rPois    +         Spirit   +   (helmet restricted)
rElec    .         Reflect  .   (no cloak)
rCorr    .         Harm     .   (no gloves)
MR       .....                  (no boots)
Stlth    ..........             t - amulet of guardian spirit
HPRegen  0.26/turn              L - ring of wizardry
MPRegen  0.12/turn              q - ring of protection from cold

@: no status effects
A: retaliatory headbutt, horns 2
a: Heroism, Finesse, Renounce Religion


You were on level 12 of the Dungeon.
You worshipped Okawaru.
Okawaru was extremely pleased with you.
You were not hungry.

You visited 2 branches of the dungeon, and saw 14 of its levels.
You also visited: Ossuary.

You collected 553 gold pieces.

Inventory:

Hand Weapons
 a - a +3 scimitar of flaming (weapon)
Armour
 b - a +0 scale mail
 c - a +0 shield (worn)
 k - a +1 chain mail of poison resistance (worn)
 I - a +0 plate armour
Jewellery
 g - an uncursed ring of fire
 l - an uncursed ring of see invisible
 q - a ring of protection from cold (right hand)
 t - an amulet of guardian spirit (around neck)
 L - a ring of wizardry (left hand)
 O - an uncursed ring of stealth
Wands
 i - a wand of scattershot (5)
 u - a wand of iceblast (8)
 J - a wand of random effects (24)
Scrolls
 d - a scroll of magic mapping {unknown}
 e - 2 scrolls of enchant weapon {unknown}
 j - a scroll of fog {unknown}
 n - 3 scrolls of blinking {unknown}
 o - 2 scrolls of enchant armour {unknown}
 r - a scroll of fear {unknown}
 s - 2 scrolls of amnesia {unknown}
 v - 12 scrolls of remove curse
 w - a scroll of random uselessness {unknown}
 y - 3 scrolls of noise {unknown}
 B - 7 scrolls of teleportation
 F - 2 scrolls of immolation {unknown}
 H - a scroll of silence {unknown}
 M - 2 scrolls of holy word {unknown}
 N - a scroll of acquirement {unknown}
 P - a scroll of identify
Potions
 m - 6 potions of curing
 p - 2 potions of invisibility
 x - a potion of heal wounds
 z - 3 potions of flight
 A - a potion of magic
 C - 2 potions of degeneration {unknown}
 D - 4 potions of mutation {unknown}
 E - a potion of brilliance {unknown}
 G - a potion of ambrosia {unknown}
 K - 2 potions of resistance {unknown}
 Q - a potion of cancellation {unknown}
Miscellaneous
 h - a sack of spiders
Comestibles
 f - 18 rations
 R - 5 chunks of flesh


   Skills:
 + Level 9.7 Fighting
 + Level 13.3 Long Blades
 + Level 10.5 Armour
 + Level 4.1 Dodging
 + Level 1.1 Stealth
 + Level 12.1 Shields
 + Level 0.5 Invocations
 + Level 1.1 Evocations


You had 10 spell levels left.
You didn't know any spells.
Your spell library contained the following spells:

 Spells                   Type           Power        Failure   Level  Hunger
 Bolt of Magma            Conj/Fire/Erth #.........   100%        5    ######.
 Iskenderun's Battlesphe  Conj/Chrm      #.......     100%        5    ######.
 Venom Bolt               Conj/Pois      #.........   100%        5    ######.
 Iron Shot                Conj/Erth      #.........   100%        6    #######
 Orb of Destruction       Conj           #.........   100%        7    #######
 Spellforged Servitor     Conj/Summ      #.........   100%        7    #######


Dungeon Overview and Level Annotations

Branches:
Dungeon (13/15)            Temple (1/1) D:6            Lair (0/6) D:8
    Orc: D:9-12      Vaults: D:13-14

Altars:
Ashenzari
Cheibriados
Dithmenos
Elyvilon
Fedhas
Hepliaklqana
Kikubaaqudgha
Okawaru
Qazlal
Trog
Vehumet
Zin
The Shining One

Shops:
D:4 (   D:9 *   D:11 (

Annotations:
D:3 3 runed translucent doors, chimenez's ghost, amateur TrHu
D:9 2 transporters, luab's ghost, novice GnFi
D:13 3 runed translucent doors


Innate Abilities, Weirdness & Mutations

You reflexively headbutt those who attack you in melee.
You have a pair of horns on your head.


Message History

You burn the water moccasin.
The water moccasin is severely wounded.
The seven-headed hydra bites you.
* * * LOW HITPOINT WARNING * * *
The seven-headed hydra bites you!
* * * LOW HITPOINT WARNING * * *
The seven-headed hydra bites you but does no damage. x2
The seven-headed hydra barely misses you.
The seven-headed hydra bites you.
* * * LOW HITPOINT WARNING * * *
The seven-headed hydra bites you.
* * * LOW HITPOINT WARNING * * *
The six-headed hydra bites you.
* * * LOW HITPOINT WARNING * * *
You block the six-headed hydra's attack.
The six-headed hydra bites you.
* * * LOW HITPOINT WARNING * * *
The six-headed hydra bites you but does no damage.
The six-headed hydra bites you.
You die...

### ..#
#.# #.#
#.#####.##
.o.5.aaS.#
#@D# ##D#
..# ....
.....
...###
#.## ..


You could see a seven-headed hydra, a six-headed hydra, a water moccasin, 2
worker ants, a crimson imp and an orc.

Vanquished Creatures
  A hydra (D:11)
  Erica (D:10)
  A two-headed ogre (D:10)
  Sonja (D:10)
  A cyclops (D:7)
  Psyche (D:11)
  5 trolls
  4 hippogriffs
  Sigmund (D:5)
  2 vampires
  7 yaks
  A basilisk (D:10)
  3 orc warriors
  2 black bears
  2 ice beasts
  3 phantoms
  8 sky beasts
  6 ogres
  A necrophage (D:5)
  7 centaurs
  2 wolves (D:7)
  A crocodile (D:7)
  A big kobold (D:7)
  9 bullfrogs
  A wyvern skeleton (D:6)
  5 scorpions
  5 wights
  11 killer bees
  2 electric eels (D:8)
  4 howler monkeys
  2 crimson imps
  A bullfrog zombie (D:10)
  3 orc priests
  3 centaur zombies
  9 hounds
  2 bullfrog skeletons
  A centaur skeleton (D:7)
  Crazy Yiuf (D:5)
  4 jellies
  7 orc wizards
  4 iguanas
  10 worker ants
  Ijyb (D:4)
  A hound skeleton (D:11)
  13 mummies (Ossuary)
  2 worker ant zombies
  18 adders
  11 gnolls
  A howler monkey skeleton (D:7)
  A shadow imp (D:7)
  3 oozes (D:3)
  2 adder zombies
  2 worms (D:3)
  8 leopard geckos
  34 orcs
  8 bats
  6 giant cockroaches
  23 goblins
  12 hobgoblins
  2 jackals (D:6)
  18 kobolds
  5 quokkas
  5 frilled lizards
  4 gnoll skeletons (Ossuary)
  3 goblin skeletons (Ossuary)
  A jackal skeleton (D:8)
  A kobold skeleton (Ossuary)
  3 rats (D:2)
  11 rat skeletons (Ossuary)
345 creatures vanquished.

Vanquished Creatures (others)
  A sky beast (D:7)
  12 plants (D:7)
13 creatures vanquished.

Grand Total: 358 creatures vanquished

Notes
Turn   | Place    | Note
-------+----------+-------------------------------------------
     0 | D:1      | Peloso the Minotaur Fighter began the quest for the Orb.
     0 | D:1      | Reached XP level 1. HP: 19/19 MP: 0/0
    85 | D:1      | Reached XP level 2. HP: 27/27 MP: 1/1
   563 | D:1      | Reached XP level 3. HP: 33/33 MP: 2/2
  1066 | D:2      | Reached XP level 4. HP: 38/40 MP: 3/3
  1165 | D:2      | Reached skill level 3 in Long Blades
  1448 | D:2      | Found an ancient bone altar of Kikubaaqudgha.
  1637 | D:3      | Reached skill level 4 in Long Blades
  1637 | D:3      | Reached XP level 5. HP: 41/47 MP: 4/4
  1639 | D:3      | Reached skill level 5 in Shields
  1862 | D:3      | Reached skill level 1 in Dodging
  2072 | D:3      | Found a runed translucent gate.
  2072 | D:3      | Found a runed translucent gate.
  2072 | D:3      | Found a runed translucent gate.
  2101 | D:3      | Noticed chimenez's ghost (amateur TrHu)
  2334 | D:4      | Reached skill level 5 in Long Blades
  2334 | D:4      | Reached XP level 6. HP: 33/53 MP: 1/5
  2690 | D:4      | Noticed Ijyb
  2709 | D:4      | Killed Ijyb
  2869 | D:4      | Found Kualapnoux's Weapon Emporium.
  3399 | D:5      | Entered Level 5 of the Dungeon
  3409 | D:5      | Reached skill level 5 in Armour
  3519 | D:5      | Reached skill level 6 in Long Blades
  3519 | D:5      | Reached XP level 7. HP: 53/59 MP: 6/6
  3529 | D:5      | Noticed Sigmund
  3550 | D:4      | Reached skill level 5 in Fighting
  3716 | D:5      | Killed Sigmund
  4060 | D:5      | Reached skill level 7 in Long Blades
  4139 | D:5      | Reached XP level 8. HP: 55/68 MP: 4/7
  4329 | D:5      | Found a runed translucent door.
  4330 | D:5      | Noticed Crazy Yiuf
  4339 | D:5      | Killed Crazy Yiuf
  4765 | D:6      | Reached skill level 8 in Long Blades
  5000 | D:6      | Reached XP level 9. HP: 48/77 MP: 5/8
  5011 | D:6      | Found a staircase to the Ecumenical Temple.
  5222 | Temple   | Entered the Ecumenical Temple
  5235 | Temple   | Became a worshipper of Warmaster Okawaru
  5374 | D:7      | Found a sand-covered staircase.
  5408 | Ossuary  | Entered an ossuary
  5560 | Ossuary  | Reached skill level 9 in Long Blades
  6210 | D:7      | Reached skill level 10 in Long Blades
  6256 | D:7      | Reached * piety under Okawaru
  6687 | D:7      | Reached skill level 11 in Long Blades
  6731 | D:7      | Reached ** piety under Okawaru
  6731 | D:7      | Reached XP level 10. HP: 74/86 MP: 6/9
  7037 | D:7      | Noticed a cyclops
  7052 | D:7      | Killed a cyclops
  7052 | D:7      | Reached skill level 10 in Shields
  7567 | D:8      | Found a hazy altar of Hepliaklqana.
  7583 | D:8      | Found a staircase to the Lair.
  9222 | D:9      | Reached *** piety under Okawaru
  9341 | D:9      | Noticed a moth of wrath
  9341 | D:9      | Noticed a two-headed ogre
  9341 | D:9      | Noticed luab's ghost (novice GnFi)
  9342 | D:9      | Noticed a two-headed ogre
  9342 | D:9      | Identified the cursed +1 hand axe of Contention {drain,
                  | Str+4}
  9342 | D:9      | Noticed a tengu warrior
  9343 | D:9      | Found a transporter.
  9345 | D:9      | Found a bloodstained altar of Trog.
  9522 | D:9      | Found a transporter.
  9579 | D:9      | Reached skill level 12 in Long Blades
  9597 | D:9      | Found Fokoagaok's Assorted Antiques.
 10023 | D:10     | Entered Level 10 of the Dungeon
 10220 | D:10     | Reached **** piety under Okawaru
 10232 | D:10     | Reached XP level 11. HP: 63/95 MP: 7/10
 10644 | D:10     | Noticed Sonja
 10647 | D:10     | Killed Sonja
 10650 | D:10     | Noticed a two-headed ogre
 10655 | D:10     | Killed a two-headed ogre
 10655 | D:10     | Reached skill level 1 in Evocations
 10889 | D:10     | Reached ***** piety under Okawaru
 11255 | D:11     | Reached skill level 1 in Stealth
 11369 | D:11     | Noticed Erica
 11668 | D:10     | Killed Erica
 11668 | D:10     | Received a gift from Okawaru
 11668 | D:10     | Reached skill level 13 in Long Blades
 11865 | D:10     | Reached skill level 10 in Armour
 12231 | D:11     | Noticed a five-headed hydra
 12236 | D:11     | Killed a three-headed hydra
 12271 | D:11     | Noticed Psyche
 12283 | D:11     | Killed Psyche
 12379 | D:11     | Found Urajag's Weapon Shoppe.
 12390 | D:11     | You fall through a shaft for 2 floors!
 12390 | D:13     | Found a runed translucent gate.
 12390 | D:13     | Found a runed translucent gate.
 12390 | D:13     | Found a runed translucent gate.
 12397 | D:13     | Noticed a six-headed hydra
 12399 | D:13     | Noticed a seven-headed hydra
 12407 | D:12     | HP: 1/99 [six-headed hydra (6)]
 12407 | D:12     | Slain by a six-headed hydra

Skill      XL: |  1  2  3  4  5  6  7  8  9 10 11 |
---------------+----------------------------------+-----
Armour         | 4 5 6 7 9 10 | 10.5
Shields        | 4 5 6 8 9 11 12 | 12.1
Fighting       | 4 5 6 7 8 9 |  9.7
Long Blades    | 4 5 6 7 8 11 12 13 | 13.3
Dodging        | 1 3 4 |  4.1
Evocations     | 1 |  1.1
Stealth        | 1 |  1.1
Invocations    | |  0.5

Action                   |  1- 3 |  4- 6 |  7- 9 | 10-12 || total
-------------------------+-------+-------+-------+-------++-------
Melee: Long sword        |   106 |   221 |   452 |   469 ||  1248
       Headbutt          |    18 |    51 |   102 |   111 ||   282
       Scimitar          |       |       |       |    60 ||    60
Invok: Heroism           |       |       |     1 |     4 ||     5
Evoke: Wand              |       |       |       |    11 ||    11
  Use: Potion            |       |       |     2 |     2 ||     4
       Scroll            |       |       |       |     7 ||     7
  Eat: Chunk             |       |     8 |    12 |    15 ||    35
       Ration            |       |       |       |     1 ||     1
Armor: Scale mail        |    55 |       |       |       ||    55
       Chain mail        |       |    94 |   111 |    33 ||   238
       Plate armour      |       |       |    78 |   243 ||   321
Dodge: Dodged            |    29 |    47 |   110 |   152 ||   338
Block: Shield            |    75 |   108 |   254 |   328 ||   765
       Rpst.: Long sword |     9 |    16 |    22 |    22 ||    69
       Scimitar          |       |       |       |     7 ||     7
